[Event "Titled Tuesday Blitz August 08 Early 2023"]
[White "Gauravthegm"]
[Black "Kuznetsov, Mikhail"]
[BlackFideId "4117190"]
[WhiteElo "2358"]
[BlackElo "2483"]
[Result "0-1"]
[Round "10"]
[TimeControl "180+1"]
[Date "2023.08.08"]
[WhiteClock "0:01:15"]
[BlackClock "0:00:50"]
[Board "115"]

1. e4 c6 2. d4 d5 3. exd5 cxd5 4. Bd3 Nc6 5. c3 Nf6 6. Bf4 Bg4 7. Qb3 e5 8. dxe5 Nh5 9. Be3 Nxe5 10. Bb5+ Nc6 11. Nd2 Be6 12. Ngf3 d4 13. Qa4 dxe3 14. Bxc6+ bxc6 15. Qxc6+ Bd7 16. Qe4+ Be7 17. Qxe3 O-O 18. O-O Nf6 19. Ne5 Be6 20. Rad1 Qc7 21. Ndf3 Rfd8 22. b3 Rxd1 23. Rxd1 Rd8 24. Nd4 Nd5 25. Qg3 Nxc3 26. Rd3 Rxd4 0-1


[Site "https://www.chess.com"]

[Event "Titled Tuesday Blitz August 08 Early 2023"]
[White "Rottenwohrer Suarez, Juan"]
[Black "MarijaKuznecova"]
[WhiteFideId "32068182"]
[WhiteElo "2475"]
[BlackElo "2348"]
[Result "0-1"]
[Round "10"]
[TimeControl "180+1"]
[Date "2023.08.08"]
[WhiteClock "0:00:00"]
[BlackClock "0:00:17"]
[Board "116"]

1. d4 Nf6 2. Nf3 c5 3. d5 b5 4. e4 Nxe4 5. Bd3 Nd6 6. O-O g6 7. Bf4 Nc4 8. Bxc4 bxc4 9. d6 Bg7 10. dxe7 Qb6 11. Nc3 Bb7 12. Nd5 Bxd5 13. Qxd5 Nc6 14. Qxc4 Qb4 15. Qe2 Qxf4 16. c3 Bf6 17. Rad1 Bxe7 18. Rfe1 O-O 19. Rxd7 Rfe8 20. g3 Qf5 21. Rc7 Rac8 22. Rxc8 Rxc8 23. Kg2 Bf6 24. Qa6 Qd7 25. h4 h5 26. Re2 Kg7 27. Rd2 Qe6 28. a3 Ne5 29. Qxe6 fxe6 30. Nxe5 Bxe5 31. Rd7+ Kf6 32. Rxa7 Rb8 33. b4 Bxc3 34. bxc5 Rc8 35. Ra4 Rxc5 36. Rf4+ Ke5 37. Ra4 Bd4 38. f4+ Ke4 39. Rb4 Rc2+ 40. Kf1 Kf3 41. Rxd4 Rc1+ 0-1


[Site "https://www.chess.com"]

[Event "Titled Tuesday Blitz August 08 Early 2023"]
[White "rikchessmx"]
[Black "Rosh Jain"]
[BlackFideId "25789465"]
[WhiteElo "2347"]
[BlackElo "2474"]
[Result "1-0"]
[Round "10"]
[TimeControl "180+1"]
[Date "2023.08.08"]
[WhiteClock "0:00:15"]
[BlackClock "0:00:05"]
[Board "117"]

1. e4 c5 2. Nf3 d6 3. d4 cxd4 4. Nxd4 Nf6 5. Nc3 a6 6. f4 e5 7. Nf3 Nbd7 8. Bd3 b5 9. a3 Be7 10. O-O O-O 11. Qe1 Bb7 12. Kh1 Re8 13. fxe5 dxe5 14. Nh4 Nc5 15. Nf5 Nxd3 16. cxd3 Bf8 17. Qg3 Nh5 18. Nh6+ Kh8 19. Nxf7+ Kg8 20. Qh3 Qd4 21. Qxh5 Qxd3 22. Bg5 g6 23. Nh6+ Bxh6 24. Qxh6 Rf8 25. Rfd1 Qc4 26. Be7 Rf7 27. Bb4 a5 28. Bxa5 Bxe4 29. Nxe4 Qxe4 30. Bb4 Rf2 31. Rg1 Rc8 32. Rae1 Qd5 33. Bc3 Re8 34. Qe3 Rf5 35. Qe4 Qe6 36. h3 Rh5 37. Rgf1 Qd7 38. Kg1 Qa7+ 39. Qe3 Qc7 40. Rd1 e4 41. Qd4 Rhe5 42. Rde1 e3 43. Rxe3 b4 44. axb4 Rxe3 45. Qh8# 1-0


[Site "https://www.chess.com"]

[Event "Titled Tuesday Blitz August 08 Early 2023"]
[White "Dong Khanh Linh"]
[Black "Gavilan Diaz, Mario"]
[WhiteFideId "12403040"]
[BlackFideId "2260905"]
[WhiteElo "2344"]
[BlackElo "2473"]
[Result "0-1"]
[Round "10"]
[TimeControl "180+1"]
[Date "2023.08.08"]
[WhiteClock "0:00:01"]
[BlackClock "0:00:07"]
[Board "118"]

1. d4 Nf6 2. Nf3 c5 3. e3 g6 4. dxc5 Bg7 5. b4 a5 6. b5 Ne4 7. Nd4 Nxc5 8. c4 O-O 9. Be2 b6 10. Bf3 Bb7 11. Bb2 d5 12. cxd5 Bxd5 13. O-O Bxf3 14. Qxf3 Ra7 15. Nd2 Nd3 16. Bc3 Rc7 17. Nc6 Nxc6 18. Bxg7 Nce5 19. Bxe5 Nxe5 20. Qe4 Rc5 21. Rfd1 Rxb5 22. a4 Rd5 23. Rdb1 Rxd2 24. Qxe5 Qd6 25. Qe4 Rd8 26. g3 h5 27. Rb5 Rxf2 28. Kxf2 Qf6+ 29. Kg2 Rd2+ 30. Kh3 Qxa1 31. Qf4 Qg1 32. Kh4 Qxh2+ 33. Kg5 h4 34. gxh4 Rg2+ 35. Kh6 Qxf4+ 36. exf4 Rg4 37. Rxb6 Rxh4+ 38. Kg5 Rh5+ 39. Kg4 Kg7 40. Rb5 Rh1 41. Rxa5 Ra1 42. Ra7 e6 43. Kg5 Rg1+ 44. Kh4 Kf6 45. a5 Ra1 46. Kg4 Ra4 47. a6 g5 48. Kg3 Rxf4 49. Ra8 Ra4 50. Ra7 Kg6 51. Ra8 Kf5 52. Ra7 f6 53. Ra8 e5 54. Kf3 Ra3+ 55. Ke2 g4 56. Ra7 Kf4 57. Ra8 f5 58. a7 e4 59. Kf2 Ra2+ 60. Ke1 g3 61. Kf1 Kf3 62. Ke1 g2 63. Rg8 Rxa7 0-1


[Site "https://www.chess.com"]

[Event "Titled Tuesday Blitz August 08 Early 2023"]
[White "Ziatdinov, Raset"]
[Black "Ljukin, Sergei"]
[WhiteFideId "2015323"]
[BlackFideId "14102200"]
[WhiteElo "2341"]
[BlackElo "2470"]
[Result "0-1"]
[Round "10"]
[TimeControl "180+1"]
[Date "2023.08.08"]
[WhiteClock "0:01:18"]
[BlackClock "0:01:05"]
[Board "119"]

1. e4 e6 2. d4 d5 3. Nc3 Bb4 4. Qg4 Nf6 5. Qxg7 Rg8 6. Qh6 Rg6 7. Qh4 Rg4 8. Qh6 Rg6 9. Qh4 c5 10. e5 Bxc3+ 11. bxc3 Ne4 12. Qxd8+ Kxd8 13. Bd3 Rxg2 14. Nh3 Nxc3 15. Bb2 cxd4 16. Bxh7 Nc6 17. Kf1 Rg7 18. Bd3 Nxe5 19. Nf4 Bd7 20. h4 Ke7 21. h5 Rh8 22. Ba3+ Kf6 23. h6 Nxd3 24. hxg7 Rxh1+ 25. Kg2 Nxf4+ 26. Kxh1 Kxg7 27. Bd6 Ng6 28. Kg2 e5 29. Re1 Ne4 30. f3 Nxd6 0-1


[Site "https://www.chess.com"]

[Event "Titled Tuesday Blitz August 08 Early 2023"]
[White "Valle Maytin, Luis Enrique"]
[Black "slidingknight2775"]
[WhiteFideId "3503666"]
[WhiteElo "2334"]
[BlackElo "2465"]
[Result "1-0"]
[Round "10"]
[TimeControl "180+1"]
[Date "2023.08.08"]
[WhiteClock "0:00:08"]
[BlackClock "0:00:05"]
[Board "120"]

1. d4 Nf6 2. Nf3 d5 3. e3 g6 4. Be2 Bg7 5. b4 O-O 6. O-O a5 7. b5 c5 8. bxc6 Nxc6 9. c4 dxc4 10. Bxc4 Bf5 11. Nbd2 Ne4 12. Ba3 Nxd2 13. Qxd2 Be4 14. Rfd1 Bd5 15. Rac1 Bxc4 16. Rxc4 Re8 17. Rb1 Rb8 18. g3 Qd5 19. Qe2 e6 20. Rc5 Qd7 21. Rcb5 Rec8 22. Qb2 Rc7 23. Bc5 h5 24. Bb6 Rcc8 25. Bxa5 Nxa5 26. Rxa5 Ra8 27. Rxa8 Rxa8 28. Qxb7 Qxb7 29. Rxb7 Rxa2 30. Ng5 f5 31. Nxe6 Bf6 32. Nf4 Ra1+ 33. Kg2 g5 34. Nxh5 Bh8 35. h4 gxh4 36. gxh4 Ra2 37. Kf3 Rc2 38. Rb8+ Kh7 39. Rf8 Rc3 40. Kf4 Rc2 41. f3 Rh2 42. Kg3 Re2 43. Kf4 Rh2 44. Rxf5 Rxh4+ 45. Kg3 Rh1 46. d5 Kg6 47. Kg4 Rg1+ 48. Kf4 Rh1 49. Rg5+ Kh6 50. Ng3 Rd1 51. Nf5+ Kh7 52. Rh5+ Kg8 53. e4 Bc3 54. Ne7+ Kf7 55. Rh7+ Ke8 56. Kf5 Rf1 57. f4 Bd2 58. Ng6 Kd8 59. d6 Bb4 60. e5 Rc1 61. Ke6 Kc8 62. f5 Re1 63. Rc7+ Kb8 64. Rc4 Rf1 65. Rxb4+ Ka7 66. Rc4 Rg1 67. Rd4 Kb6 68. d7 Kc5 69. d8=Q Rxg6+ 70. fxg6 Kb5 71. Qd6 Ka5 72. Rd5+ Ka4 73. Qb8 Ka3 74. Ra5# 1-0


[Site "https://www.chess.com"]

[Event "Titled Tuesday Blitz August 08 Early 2023"]
[White "Omariev, Maksim"]
[Black "Jahnz, Fabian"]
[WhiteFideId "4193423"]
[BlackFideId "4653300"]
[WhiteElo "2455"]
[BlackElo "2332"]
[Result "1-0"]
[Round "10"]
[TimeControl "180+1"]
[Date "2023.08.08"]
[WhiteClock "0:00:48"]
[BlackClock "0:00:27"]
[Board "121"]

1. g4 d5 2. Bg2 Bxg4 3. c4 c6 4. Qb3 Qd7 5. cxd5 cxd5 6. Bxd5 Be6 7. Bxe6 fxe6 8. Nf3 Nc6 9. Nc3 Nf6 10. d4 O-O-O 11. Bf4 Nd5 12. Bg3 Nxc3 13. bxc3 g6 14. a4 Bg7 15. a5 e5 16. dxe5 e6 17. O-O Qc7 18. Qxe6+ Kb8 19. Rfd1 Rde8 20. Qh3 Nxe5 21. Nxe5 Bxe5 22. Rd7 Qxc3 23. Rb1 Qc6 24. Rbxb7+ Qxb7 25. Rxb7+ Kxb7 26. Qd7+ Ka8 27. Qc6+ Kb8 28. Bxe5+ 1-0


[Site "https://www.chess.com"]

[Event "Titled Tuesday Blitz August 08 Early 2023"]
[White "Osinovsky, Stepan"]
[Black "TrompeterImEther"]
[WhiteFideId "4157354"]
[WhiteElo "2332"]
[BlackElo "2454"]
[Result "0-1"]
[Round "10"]
[TimeControl "180+1"]
[Date "2023.08.08"]
[WhiteClock "0:00:00"]
[BlackClock "0:01:35"]
[Board "122"]

1. e4 e5 2. Nf3 Nc6 3. Bb5 a6 4. Ba4 Nf6 5. O-O b5 6. Bb3 Bb7 7. Re1 Bc5 8. Nxe5 Nxe5 9. d4 Bxd4 10. Qxd4 d6 11. f4 c5 12. Qd1 c4 13. fxe5 dxe5 14. Qxd8+ Rxd8 15. Bxc4 bxc4 16. Nc3 O-O 17. Kf2 Rd4 18. Be3 Nxe4+ 19. Kg1 Rd7 20. Nxe4 Bxe4 21. Bc5 Rc8 22. Bb4 f5 23. Bc3 Rd5 24. Re2 Kf7 25. Rae1 Ke6 26. h3 Rcd8 27. Kf2 g6 28. g4 Rf8 29. Kg1 Rb5 30. a3 Rd8 31. Kh2 h5 32. Kg1 hxg4 33. hxg4 Rh8 0-1


[Site "https://www.chess.com"]

[Event "Titled Tuesday Blitz August 08 Early 2023"]
[White "Zaksaite, Salomeja"]
[Black "MateoReyes"]
[WhiteFideId "12801496"]
[WhiteElo "2327"]
[BlackElo "2449"]
[Result "0-1"]
[Round "10"]
[TimeControl "180+1"]
[Date "2023.08.08"]
[WhiteClock "0:00:42"]
[BlackClock "0:01:58"]
[Board "123"]

1. e4 c5 2. Nf3 d6 3. d4 cxd4 4. Nxd4 Nf6 5. Nc3 a6 6. Bc4 e6 7. Bb3 Be7 8. O-O Nc6 9. Be3 O-O 10. Qf3 Qc7 11. Rad1 Nxd4 12. Bxd4 Bd7 13. Qg3 Bc6 14. e5 dxe5 15. Bxe5 Qb6 16. Bd6 Bxd6 17. Rxd6 Rad8 18. Rfd1 Rxd6 19. Qxd6 h6 20. Qd4 Qc7 21. Qd6 Qa5 22. Ne2 Qg5 23. Ng3 h5 24. f4 Qg6 25. Qe5 h4 0-1


[Site "https://www.chess.com"]

[Event "Titled Tuesday Blitz August 08 Early 2023"]
[White "Doluhanova, Evgeniya"]
[Black "FREDERICKtheMATE"]
[WhiteFideId "14112035"]
[WhiteElo "2321"]
[BlackElo "2447"]
[Result "1-0"]
[Round "10"]
[TimeControl "180+1"]
[Date "2023.08.08"]
[WhiteClock "0:00:22"]
[BlackClock "0:00:10"]
[Board "124"]

1. Nf3 c5 2. g3 g6 3. Bg2 Bg7 4. O-O Nc6 5. c3 d5 6. d4 cxd4 7. cxd4 Nf6 8. Nc3 O-O 9. Ne5 Bf5 10. Nxc6 bxc6 11. Bf4 Qb6 12. Na4 Qb5 13. b3 Nd7 14. Rc1 f6 15. Be3 e5 16. Nc5 Rfe8 17. Nxd7 Bxd7 18. dxe5 fxe5 19. Bc5 a5 20. e3 Bf5 21. Re1 e4 22. Bf1 Qb7 23. Bd4 Bf8 24. Bc5 Bh6 25. Qc2 Qd7 26. Bd4 Rec8 27. Qd2 Qf7 28. Rc5 a4 29. Rec1 Bd7 30. b4 Bf8 31. R5c2 h5 32. h4 Rcb8 33. a3 Rb7 34. Be5 Qf5 35. Qd4 Kf7 36. Rxc6 Bxc6 37. Rxc6 Qd7 38. Rf6+ Ke8 39. Rxg6 Rc8 40. Bf4 Qf5 41. Rg5 Qe6 42. Re5 Qxe5 43. Qxe5+ 1-0


[Site "https://www.chess.com"]

[Event "Titled Tuesday Blitz August 08 Early 2023"]
[White "Baches Garcia, Guillermo"]
[Black "Fernandez Siles, Luis"]
[WhiteFideId "2209764"]
[BlackFideId "2209420"]
[WhiteElo "2444"]
[BlackElo "2318"]
[Result "0-1"]
[Round "10"]
[TimeControl "180+1"]
[Date "2023.08.08"]
[WhiteClock "0:00:00"]
[BlackClock "0:00:35"]
[Board "125"]

1. d4 Nf6 2. Nf3 d6 3. Bg5 Nbd7 4. Nbd2 h6 5. Bh4 g5 6. Bg3 Bg7 7. e4 c5 8. c3 cxd4 9. cxd4 d5 10. e5 Ne4 11. Bd3 Nxg3 12. hxg3 Nf8 13. Qa4+ Bd7 14. Qb3 Bc6 15. Bb5 Ne6 16. Bxc6+ bxc6 17. g4 Qb6 18. Qc3 c5 19. dxc5 Qxc5 20. Qxc5 Nxc5 21. Ke2 Nd7 22. Rac1 Nxe5 23. Rc7 Nxf3 24. Nxf3 Bxb2 25. Rb1 Bf6 26. Rbb7 a5 27. Ne5 O-O 28. Nd7 Rfe8 29. Nxf6+ exf6+ 30. Kd3 Reb8 31. Rxf7 Rxb7 32. Rxb7 Rc8 33. Rb5 Rc4 34. Rxd5 Ra4 35. g3 Rxa2 36. f4 Ra4 37. Ke3 Kf7 38. Rd7+ Ke6 39. Rh7 Ra3+ 40. Ke4 Rxg3 41. f5+ Kd6 42. Rxh6 Rxg4+ 43. Ke3 Ke5 0-1


[Site "https://www.chess.com"]

[Event "Titled Tuesday Blitz August 08 Early 2023"]
[White "Cagara, Paulina"]
[Black "Psychonerd5"]
[WhiteFideId "1124870"]
[WhiteElo "2283"]
[BlackElo "2424"]
[Result "1/2-1/2"]
[Round "10"]
[TimeControl "180+1"]
[Date "2023.08.08"]
[WhiteClock "0:00:23"]
[BlackClock "0:00:18"]
[Board "126"]

1. e4 c5 2. Nc3 e6 3. f4 a6 4. Nf3 b5 5. d3 Bb7 6. g3 d6 7. Bg2 Nf6 8. O-O Be7 9. Ne2 Nc6 10. c3 b4 11. d4 Nxe4 12. cxb4 cxb4 13. d5 exd5 14. Qxd5 Qb6+ 15. Ned4 Nxd4 16. Qxd4 Qxd4+ 17. Nxd4 d5 18. Nf5 Bc5+ 19. Be3 Bxe3+ 20. Nxe3 O-O 21. Rfd1 Rfd8 22. Rd4 a5 23. Rad1 Nf6 24. g4 Re8 25. Kf2 h6 26. g5 hxg5 27. fxg5 Ne4+ 28. Bxe4 dxe4 29. Nf5 Bc8 30. Nd6 Re5 31. Nxe4 Bb7 32. Nd6 Ba6 33. h4 Re2+ 34. Kg3 Rxb2 35. Nf5 Rxa2 36. h5 Ra3+ 37. Kh4 Re8 38. g6 fxg6 39. hxg6 Bc8 40. Rd8 Kf8 41. Rxe8+ Kxe8 42. Nd6+ Kd7 43. Nc4+ Kc6 44. Nxa3 bxa3 45. Rd3 Bf5 46. Rxa3 Bxg6 47. Rxa5 Be4 48. Kg5 g6 49. Ra6+ Kd5 50. Ra5+ Kd4 51. Ra4+ Kd5 52. Ra5+ Kd4 53. Kf6 Bf5 54. Kg5 Ke4 55. Ra4+ Ke5 56. Rb4 Kd5 57. Kf4 Kc5 58. Rb2 Kd5 59. Rd2+ Ke6 60. Re2+ Kf6 61. Ra2 Ke6 62. Ra6+ Kd5 63. Kg5 Ke4 64. Rxg6 Bxg6 1/2-1/2


[Site "https://www.chess.com"]

[Event "Titled Tuesday Blitz August 08 Early 2023"]
[White "Hrescak, Ivana"]
[Black "Harriott, Tyrell"]
[WhiteFideId "14613441"]
[BlackFideId "2086484"]
[WhiteElo "2236"]
[BlackElo "2423"]
[Result "0-1"]
[Round "10"]
[TimeControl "180+1"]
[Date "2023.08.08"]
[WhiteClock "0:00:00"]
[BlackClock "0:01:26"]
[Board "127"]

1. e4 d5 2. exd5 Nf6 3. d4 Qxd5 4. Nf3 Bg4 5. Be2 Nc6 6. h3 Qh5 7. O-O O-O-O 8. hxg4 Nxg4 9. Bf4 e5 10. Nxe5 Ncxe5 11. Bxe5 f5 12. Nc3 Bd6 13. Bxd6 Rxd6 14. Bxg4 fxg4 15. f4 Qh4 16. Qe1 g3 17. Rf3 Qh2+ 18. Kf1 Qh1+ 19. Ke2 Re8+ 20. Re3 Rxe3+ 21. Kxe3 Re6+ 22. Ne4 Qxg2 23. Kd3 h5 24. Qe3 h4 25. Re1 Kb8 26. f5 Re8 27. f6 gxf6 28. Qf4 a6 0-1


[Site "https://www.chess.com"]

[Event "Titled Tuesday Blitz August 08 Early 2023"]
[White "Cheer_Down"]
[Black "Sariego Figueredo, Wilfredo"]
[BlackFideId "3500080"]
[WhiteElo "2417"]
[BlackElo "2297"]
[Result "1-0"]
[Round "10"]
[TimeControl "180+1"]
[Date "2023.08.08"]
[WhiteClock "0:00:14"]
[BlackClock "0:00:15"]
[Board "128"]

1. e4 c5 2. Nf3 a6 3. g3 Nc6 4. Bg2 g6 5. O-O Bg7 6. c3 e6 7. d4 cxd4 8. cxd4 Nge7 9. Nc3 d5 10. exd5 exd5 11. Ne5 Nxe5 12. dxe5 Bxe5 13. Bh6 Be6 14. Re1 Bxc3 15. bxc3 Qc7 16. Qd4 O-O-O 17. Bf4 Qc6 18. Qa7 Nf5 19. c4 Nd6 20. cxd5 Bxd5 21. Re7 Rd7 22. Rc1 Rxe7 23. Bxd5 Qxc1+ 24. Bxc1 Re1+ 25. Kg2 Rhe8 26. Bf4 Kd7 27. Bxd6 Kxd6 28. Qxb7 R8e2 29. Qc6+ Ke7 30. Qc7+ Kf6 31. Qxf7+ Ke5 32. Bf3 Kd4 33. Bxe2 Rxe2 34. Qxh7 Kd3 35. Qxg6+ Kd2 36. Qxa6 Ke1 37. Qxe2+ Kxe2 38. g4 1-0


[Site "https://www.chess.com"]

[Event "Titled Tuesday Blitz August 08 Early 2023"]
[White "Araujo Filho, Luiz Antonio Coel"]
[Black "Llanos, Guillermo"]
[WhiteFideId "2130661"]
[BlackFideId "100358"]
[WhiteElo "2207"]
[BlackElo "2414"]
[Result "0-1"]
[Round "10"]
[TimeControl "180+1"]
[Date "2023.08.08"]
[WhiteClock "0:00:00"]
[BlackClock "0:00:35"]
[Board "129"]

1. d4 Nf6 2. Nf3 b6 3. e3 Bb7 4. Bd3 e6 5. Nbd2 d5 6. Qe2 Nbd7 7. e4 dxe4 8. Nxe4 Be7 9. O-O Nxe4 10. Bxe4 Bxe4 11. Qxe4 O-O 12. Rd1 Nf6 13. Qe2 Qd5 14. c3 Rfd8 15. Bf4 c5 16. dxc5 Qxc5 17. Ne5 Nd5 18. Bg3 Rac8 19. Qh5 g6 20. Qf3 Nf6 21. h3 Kg7 22. Re1 Qd5 23. Rad1 Qxf3 24. Nxf3 Nd5 25. Nd4 Bf6 26. Nb5 a6 27. Nd6 Rc7 28. Ne4 Rcd7 29. Nxf6 Kxf6 30. Rd4 Kg7 31. Red1 b5 32. Bh4 f6 33. Kh2 Kf7 34. Bg3 e5 35. R4d2 Ke6 36. Kg1 h5 37. f3 g5 38. Bf2 h4 39. a3 Nf4 40. Rxd7 Rxd7 41. Rxd7 Kxd7 42. Be3 Nd3 43. b4 Ke6 44. Kf1 Kd5 45. Ke2 Kc4 46. Kd2 Nb2 47. Bb6 Na4 48. Bd8 f5 49. Bxg5 Nxc3 50. Bxh4 e4 51. fxe4 fxe4 52. Bg5 Nb1+ 53. Ke3 Kd5 54. h4 Nxa3 55. h5 Nc2+ 56. Ke2 Ke6 57. Bd2 Nd4+ 58. Ke3 Kd5 59. g4 Ne6 0-1


[Site "https://www.chess.com"]

[Event "Titled Tuesday Blitz August 08 Early 2023"]
[White "Feliz Dotel, Dewar Bienvenido"]
[Black "Begunov, Konstantin"]
[WhiteFideId "6402801"]
[BlackFideId "4118510"]
[WhiteElo "2192"]
[BlackElo "2410"]
[Result "0-1"]
[Round "10"]
[TimeControl "180+1"]
[Date "2023.08.08"]
[WhiteClock "0:00:00"]
[BlackClock "0:00:27"]
[Board "130"]

1. d4 d5 2. e3 c6 3. c4 Nf6 4. Nf3 a6 5. Be2 Bf5 6. Nc3 e6 7. Nh4 Be4 8. cxd5 exd5 9. Nxe4 Nxe4 10. Nf3 Bb4+ 11. Nd2 Qa5 12. f3 Nxd2 13. Bxd2 O-O 14. a3 Bxd2+ 15. Qxd2 Qc7 16. b4 Nd7 17. O-O Rfe8 18. Bd3 b5 19. Rac1 Nb6 20. Qc2 Nc4 21. Bxc4 bxc4 22. e4 Qb6 23. Rcd1 a5 24. Qc3 axb4 25. axb4 Ra4 26. exd5 cxd5 27. Rfe1 Rea8 28. Rb1 g6 29. h4 Ra3 30. Qb2 Rb3 31. Qd2 Rd3 32. Qf4 Rxd4 33. Qe3 Rb8 34. b5 c3 35. Rbc1 Rd3 36. Qxb6 Rxb6 37. Rb1 d4 38. Re4 c2 39. Rc1 Rd1+ 40. Re1 Rxe1+ 41. Rxe1 d3 0-1


[Site "https://www.chess.com"]

[Event "Titled Tuesday Blitz August 08 Early 2023"]
[White "Bueno, Alfeu Junior Varela"]
[Black "Tarnowska, Aleksandra"]
[WhiteFideId "2108879"]
[BlackFideId "1180967"]
[WhiteElo "2409"]
[BlackElo "2191"]
[Result "1-0"]
[Round "10"]
[TimeControl "180+1"]
[Date "2023.08.08"]
[WhiteClock "0:00:40"]
[BlackClock "0:00:00"]
[Board "131"]

1. e4 c5 2. Nc3 Nc6 3. f4 d6 4. Nf3 g6 5. Bb5 Bg7 6. Bxc6+ bxc6 7. d3 Nf6 8. O-O Ba6 9. Qe2 Qb6 10. Rb1 Ng4 11. Bd2 c4+ 12. d4 Bxd4+ 13. Nxd4 Qxd4+ 14. Kh1 h5 15. h3 Nh6 16. Be3 Qf6 17. Rbd1 Rb8 18. Bd4 e5 19. fxe5 Qe6 20. exd6 O-O 21. Rf6 Qd7 22. Rdf1 Rxb2 23. Na4 Rxa2 24. Nc5 Qd8 25. d7 Bb5 26. Qe3 1-0


[Site "https://www.chess.com"]

[Event "Titled Tuesday Blitz August 08 Early 2023"]
[White "Avazkhonov, Alikhon"]
[Black "Putri, Regita Desyari"]
[WhiteFideId "14208504"]
[BlackFideId "7109083"]
[WhiteElo "2404"]
[BlackElo "2183"]
[Result "0-1"]
[Round "10"]
[TimeControl "180+1"]
[Date "2023.08.08"]
[WhiteClock "0:00:00"]
[BlackClock "0:00:02"]
[Board "132"]

1. d4 Nf6 2. c4 e6 3. Nc3 d5 4. cxd5 exd5 5. Bg5 Be7 6. e3 c6 7. Bd3 O-O 8. Nf3 Nbd7 9. Qc2 h6 10. Bh4 Re8 11. O-O-O Ne4 12. Bxe4 dxe4 13. Qxe4 Bxh4 14. Qxh4 Qa5 15. g4 Nf8 16. g5 Ng6 17. Qg3 h5 18. Nd2 b5 19. Nb3 Qb6 20. Kb1 a5 21. Rc1 a4 22. Nc5 Bf5+ 23. e4 Be6 24. f4 b4 25. N3xa4 Rxa4 26. Nxa4 Qxd4 27. Rhe1 h4 28. Qe3 Qd8 29. Nc5 Bg4 30. h3 Bc8 31. Qb3 Nxf4 32. Rf1 Ne6 33. g6 fxg6 34. Rcd1 Qa5 35. Nd7 Kh7 36. Rf7 Bxd7 37. Rdxd7 Qe5 38. Qf3 Rg8 39. Rfe7 Ng5 40. Rxe5 Nxf3 41. Rc5 Re8 42. Rd3 Ne5 43. Rb3 g5 44. Kc2 Kh6 45. Rxb4 Re6 46. Rd4 Nf3 47. Rd3 Ne1+ 48. Kd2 Nxd3 49. Kxd3 Rd6+ 50. Ke3 Rd1 51. Rxc6+ Kh5 52. Rc3 Rb1 53. Rb3 Rh1 54. Kf2 Rh2+ 55. Kg1 Rc2 56. a4 g4 57. hxg4+ Kxg4 58. a5 g5 59. a6 Rc6 60. a7 Rc1+ 61. Kf2 Rc2+ 62. Ke3 Rc6 0-1


[Site "https://www.chess.com"]

[Event "Titled Tuesday Blitz August 08 Early 2023"]
[White "Haukenfrers, Dale"]
[Black "Legenia, Artem"]
[WhiteFideId "2603780"]
[BlackFideId "14136945"]
[WhiteElo "2151"]
[BlackElo "2403"]
[Result "0-1"]
[Round "10"]
[TimeControl "180+1"]
[Date "2023.08.08"]
[WhiteClock "0:02:38"]
[BlackClock "0:02:51"]
[Board "133"]

1. f3 d5 2. c3 e5 3. e4 dxe4 4. Be2 exf3 5. Nxf3 Nc6 6. b4 e4 7. b5 exf3 8. Bxf3 Ne5 9. Qe2 Qe7 10. Be4 Nf6 11. Bc2 Bg4 12. Qe3 Nd5 13. Qe4 f5 14. Qxd5 Nd3+ 15. Kf1 Qe2+ 16. Kg1 Qf2# 0-1


[Site "https://www.chess.com"]

[Event "Titled Tuesday Blitz August 08 Early 2023"]
[White "Korpics, Zsolt"]
[Black "Golubev, Mikhail"]
[WhiteFideId "705241"]
[BlackFideId "14100983"]
[WhiteElo "2360"]
[BlackElo "2621"]
[Result "1-0"]
[Round "10"]
[TimeControl "180+1"]
[Date "2023.08.08"]
[WhiteClock "0:00:17"]
[BlackClock "0:00:00"]
[Board "134"]

1. e4 c5 2. Nf3 d6 3. Nc3 g6 4. d4 cxd4 5. Qxd4 Nf6 6. e5 Nc6 7. Bb5 dxe5 8. Bxc6+ bxc6 9. Qxd8+ Kxd8 10. Nxe5 Ke8 11. Be3 Nd5 12. Bd4 f6 13. Nxc6 Nxc3 14. Bxc3 Bb7 15. Nd4 Bxg2 16. Rg1 Bd5 17. O-O-O Kf7 18. Nb5 Bc6 19. Nd4 Bb7 20. Rge1 Bh6+ 21. Kb1 Rhd8 22. b3 Rd7 23. Nb5 Rad8 24. Rxd7 Rxd7 25. Nxa7 Bf4 26. h3 h5 27. Nb5 g5 28. Nd4 h4 29. Ne6 Bg2 30. Nxf4 gxf4 31. Rg1 f3 32. a4 e5 33. a5 Rd6 34. b4 Rc6 35. Kb2 Ke6 36. b5 Rc5 37. b6 f5 38. Bb4 Rc4 39. Kb3 Rc8 40. b7 Rb8 41. a6 1-0


[Site "https://www.chess.com"]

[Event "Titled Tuesday Blitz August 08 Early 2023"]
[White "Kanyamarala, Trisha"]
[Black "Gamayev, Oleg"]
[WhiteFideId "45004722"]
[BlackFideId "2802813"]
[WhiteElo "2359"]
[BlackElo "2590"]
[Result "0-1"]
[Round "10"]
[TimeControl "180+1"]
[Date "2023.08.08"]
[WhiteClock "0:00:07"]
[BlackClock "0:00:58"]
[Board "135"]

1. d4 d6 2. Nf3 Nf6 3. g3 Nbd7 4. Bg2 e5 5. O-O c6 6. c4 exd4 7. Nxd4 Nb6 8. b3 Be7 9. Bb2 O-O 10. Nd2 Qc7 11. N2f3 Re8 12. Qc2 a5 13. Nf5 Bxf5 14. Qxf5 a4 15. Ng5 g6 16. Qh3 Nbd7 17. e4 axb3 18. axb3 Rxa1 19. Rxa1 Ne5 20. f4 Neg4 21. Bd4 h5 22. Bf3 Bf8 23. Qf1 Bg7 24. h3 Nh6 25. Ra7 Nd7 26. Qa1 Bxd4+ 27. Qxd4 Nc5 28. e5 Nf5 29. Qf2 Nd3 30. exd6 Qxd6 31. Ne4 Rxe4 32. Ra8+ Kh7 33. Qa2 Re1+ 34. Kg2 Qd4 35. h4 Qg1+ 36. Kh3 Qxg3# 0-1


[Site "https://www.chess.com"]

[Event "Titled Tuesday Blitz August 08 Early 2023"]
[White "Zarnicki, Pablo"]
[Black "Shapiro, Daniel"]
[WhiteFideId "100137"]
[BlackFideId "2001780"]
[WhiteElo "2590"]
[BlackElo "2347"]
[Result "1-0"]
[Round "10"]
[TimeControl "180+1"]
[Date "2023.08.08"]
[WhiteClock "0:00:18"]
[BlackClock "0:00:07"]
[Board "136"]

1. d4 Nf6 2. c4 e6 3. Nc3 Bb4 4. g3 c5 5. Nf3 cxd4 6. Nxd4 a6 7. Bg2 Qc7 8. Qb3 Be7 9. O-O O-O 10. Na4 d6 11. Nb6 Ra7 12. Be3 Ng4 13. Nxc8 Qxc8 14. Nf5 exf5 15. Bxa7 Nd7 16. h3 Nge5 17. Bd4 b6 18. Rac1 Qc7 19. Rfd1 Bf6 20. Qc3 Re8 21. e3 h5 22. Qa3 a5 23. h4 Nc5 24. Bd5 Ne4 25. Bxe5 dxe5 26. Bxe4 fxe4 27. Qd6 Qc8 28. Qd7 g6 29. Qxc8 Rxc8 30. Rd6 Bd8 31. Rcd1 Be7 32. Rd7 Bc5 33. b3 Kg7 34. Rb7 Rc6 35. Rdd7 Rf6 36. Rbc7 Rf3 37. Kg2 Kg8 38. Rd5 Rf5 39. Rdxc5 bxc5 40. Rxc5 f6 41. Rxa5 Kf7 42. Rd5 g5 43. c5 g4 44. c6 1-0


[Site "https://www.chess.com"]

[Event "Titled Tuesday Blitz August 08 Early 2023"]
[White "Ibadov, Dashgyn"]
[Black "Pavlidou, Ekaterini"]
[WhiteFideId "24107514"]
[BlackFideId "4213262"]
[WhiteElo "2513"]
[BlackElo "2326"]
[Result "0-1"]
[Round "10"]
[TimeControl "180+1"]
[Date "2023.08.08"]
[WhiteClock "0:00:00"]
[BlackClock "0:00:47"]
[Board "137"]

1. e4 c5 2. Nf3 Nc6 3. Bb5 Nf6 4. Nc3 Qc7 5. O-O a6 6. Bxc6 dxc6 7. d3 e5 8. Be3 h6 9. Nd2 g5 10. Nb3 b6 11. a4 a5 12. Ne2 Be6 13. Ng3 O-O-O 14. Nd2 Ng4 15. Nf5 h5 16. Bxg5 f6 17. Bh4 Bxf5 18. exf5 e4 19. Bg3 Bd6 20. Nxe4 Bxg3 21. fxg3 Ne3 22. Qf3 Nxf1 23. Rxf1 Qe5 24. Nd2 Kb7 25. Nc4 Qd4+ 26. Kh1 h4 27. gxh4 Rxh4 28. Re1 Rd7 29. h3 Rf4 30. Qg3 Qf2 31. Qxf2 Rxf2 32. Re6 Rxc2 33. Rxf6 Rxd3 34. Rf7+ Ka6 35. Ne5 Rd1+ 36. Kh2 Rf1 37. Nxc6 b5 38. Nb8+ Kb6 39. Nd7+ Kc6 40. Ne5+ Kd5 41. Nf3 Rxf3 42. f6 Rff2 0-1


[Site "https://www.chess.com"]